[Event "13th All African Mixed Team Rapid-ch 202"]
[Site "Accra"]
[Date "2024.03.09"]
[Round "3.11"]
[White "Rongwane, Gomolemo"]
[Black "Rakotomaharo, Fy Antenaina"]
[Result "0-1"]
[ECO "E06"]
[WhiteElo "2021"]
[BlackElo "2454"]
[Annotator "TA"]
[PlyCount "92"]
[EventDate "2024.03.07"]
[EventType "rapid"]
[EventCountry "GHA"]
[SourceTitle "playchess.com"]
[Source "ChessBase"]
[SourceQuality "1"]
[TimeControl "900+10"]

1. Nf3 d5 2. d4 Nf6 3. c4 e6 4. g3 Be7 5. Bg2 O-O 6. O-O a5 7. Qc2 {[%emt 0:00:12] E06: Closed Catalan: Early deviations.} Nc6 8. Bf4 dxc4 9. Qxc4 Nd5 10. Bd2 $146 ({Predecessor:} 10. Rd1 Nxf4 11. gxf4 Bd6 12. e3 Ne7 13. Qc2 c6 14. Nc3 Bc7 15. Rac1 f6 16. Ne4 {0-1 Finek,V (2409)-Gledura,B (2645) Prague Challengers 5th 2023 (5)}) 10... Nb6 11. Qd3 Nb4 12. Qb3 a4 13. Qd1 c5 14. Bxb4 (14. dxc5 $14 Bxc5 15. a3) 14... cxb4 $11 15. Nbd2 (15. a3 $11) 15... a3 $1 $17 16. b3 Nd5 17. Nc4 Bd7 18. Nfe5 Bb5 (18... Nc3 $15 19. Qd3 Bc8) 19. Qd2 (19. Bxd5 $1 $11 exd5 20. Ne3) 19... Rc8 (19... Nc3 $17 {[%cal Od8d4] aiming for ...Qxd4!} 20. Bxb7 Ra7) 20. Rfc1 (20. Bxd5 $1 $11 {remains equal.} exd5 (20... Qxd5 $2 21. Nb6 $16) 21. Ne3) 20... f6 (20... Nc3 $1 $17 {[%cal Od8d4] Strongly threatening ...Qxd4!} 21. e3 Qc7) 21. Nd3 $15 Ba6 {[%emt 0:00:54] [#]} (21... Nc3 $15 22. Nf4 Rxc4 23. bxc4 Bxc4) 22. e4 (22. Bxd5 $1 $16 Qxd5 23. Nxb4 Bxb4 24. Qxb4 Qxd4 25. Qxa3) 22... Nc3 $11 23. Nf4 Rxc4 (23... Bxc4 {feels hotter.} 24. bxc4 Qd6 25. Rxc3 bxc3 26. Qxc3 e5) 24. bxc4 Bxc4 25. Rxc3 bxc3 26. Qxc3 b5 27. d5 exd5 28. exd5 Qb6 29. Rb1 $2 (29. Bf1 $11 {and White is okay.}) 29... Bxa2 $19 30. Rd1 (30. Ra1 $142 Bc4 (30... b4 31. Qe1 $17) 31. Be4) 30... Bd6 $19 (30... b4 $2 31. Qd3 Bd6 32. Ne6 $19) 31. Ne6 Re8 $2 (31... b4 32. Qd3 Rc8 33. Be4 $17) (31... Ra8 $19 32. Bf1 Bc4 (32... b4 $2 33. Qf3 $19) 33. Bxc4 bxc4 34. Qxc4 a2) 32. Be4 $17 {[%emt 0:00:17] [#]} Bc4 ({Better is} 32... Qb7 $1 $17 {Hoping for ...Bc4.} 33. Qd3 g5 (33... Bc4 $2 34. Bxh7+ Kh8 35. Qf5 $18)) 33. Qc2 $2 (33. Qf3 $1 $11 Ra8 (33... b4 $2 34. Bxh7+ Kf7 35. Qg4 $18) 34. Qf5) 33... h6 $19 34. Bg6 $2 (34. Bf3 Bf8 35. Bg4) 34... Re7 35. Qf5 (35. Bh7+ $142 Kh8 36. Bd3) 35... Qa6 $2 (35... a2 $19 {has better winning chances.} 36. Nf4 Qa6 37. Bh7+ Kf8 (37... Kf7 38. Ne6 $16) 38. Ng6+ Ke8) 36. Bh7+ $2 (36. Nxg7 $17 Kxg7 37. Bh5) 36... Kh8 $19 37. Nf8 Re2 38. Ne6 Qa7 39. Bg6 Re5 40. Qh3 a2 41. Nd4 Bxd5 ({And not} 41... a1=B 42. Qc8+) 42. Nc2 Re2 43. Qc8+ Bg8 44. Rf1 Rxc2 45. Bxc2 a1=Q (45... a1=B $2 {perishes.} 46. Bb3 Qb8 47. Rc1 $18) 46. Bb3 Qa8 0-1

[Event "13th All African Mixed Team Rapid-ch 202"]
[Site "Accra"]
[Date "2024.03.09"]
[Round "3.12"]
[White "Tsinjoviniavo, Aina Mahasambatra"]
[Black "Banda Natalie Katlo"]
[Result "1-0"]
[ECO "B12"]
[WhiteElo "1681"]
[BlackElo "1772"]
[Annotator "NA RC"]
[PlyCount "101"]
[EventDate "2024.03.07"]
[EventType "rapid"]
[EventCountry "GHA"]
[SourceTitle "playchess.com"]
[Source "ChessBase"]
[SourceQuality "1"]
[TimeControl "900+10"]

1. e4 c6 2. d4 d5 3. e5 Bf5 4. Nf3 e6 5. c4 Bb4+ 6. Nc3 Ne7 7. c5 h6 8. Be2 Nd7 9. O-O O-O 10. a3 Bxc3 11. bxc3 b6 12. cxb6 axb6 13. c4 c5 14. Be3 Qc7 15. Qb3 Bg4 16. h3 Bxf3 17. Bxf3 cxd4 18. Bxd4 dxc4 19. Qb4 Nc6 20. Qxc4 Rac8 21. Rfc1 Ndb8 22. Rab1 Qd7 23. Bxb6 Nxe5 24. Qe4 Nxf3+ 25. Qxf3 Nc6 26. a4 Ne5 27. Qg3 Nc4 28. a5 Nxb6 29. axb6 Rxc1+ 30. Rxc1 Qb7 31. Qe3 Rb8 32. Rb1 Rc8 33. Kh2 Qb8+ 34. g3 Qb7 35. g4 Qb8+ 36. Kg2 Qb7+ 37. Qf3 Qxf3+ 38. Kxf3 Kf8 39. Ke4 Ke7 40. b7 Rb8 41. Kd4 Kd6 42. Rb6+ Kc7 43. Kc5 e5 44. Rb4 f6 45. Kd5 Kd7 46. f3 Kc7 47. Ke6 Rxb7 48. Rxb7+ Kxb7 49. Kf7 h5 50. Kxg7 f5 51. gxf5 1-0

[Event "13th All African Mixed Team Rapid-ch 202"]
[Site "Accra"]
[Date "2024.03.09"]
[Round "3.13"]
[White "Frempong-Smart Daniel"]
[Black "Pereira, Sergio Murilo de Ara"]
[Result "0-1"]
[ECO "D02"]
[WhiteElo "1877"]
[BlackElo "2115"]
[Annotator "RC"]
[PlyCount "114"]
[EventDate "2024.03.07"]
[EventType "rapid"]
[EventCountry "GHA"]
[SourceTitle "playchess.com"]
[Source "ChessBase"]
[SourceQuality "1"]
[TimeControl "900+10"]

1. d4 d5 2. Nf3 Nf6 3. g3 e6 4. Bg2 c5 5. O-O cxd4 6. h3 Be7 7. Nxd4 O-O 8. Re1 e5 9. Nb3 Nc6 10. Bg5 Be6 11. N1d2 Qb6 12. e3 Rac8 13. Qe2 Nb4 14. Rec1 Nxc2 15. Rab1 Nb4 16. a3 Nc6 17. Bxf6 Bxf6 18. Nc5 e4 19. b4 Ne5 20. Kh2 Rc7 21. Rd1 Rfc8 22. Na4 Qc6 23. Nc5 Qe8 24. Nxe6 Qxe6 25. Nb3 Nd3 26. Rd2 Qa6 27. Ra2 b6 28. f3 Qc4 29. fxe4 dxe4 30. Rd2 Rd8 31. h4 Be5 32. Nc1 Rcd7 33. Rc2 Qd5 34. Nb3 f5 35. Rd2 Qd6 36. Nd4 Bxg3+ 37. Kg1 g6 38. h5 Be5 39. hxg6 hxg6 40. Nb5 Qf6 41. Rc2 a6 42. Nc7 Bxc7 43. b5 a5 44. Rc6 Bd6 45. Kf1 Rb8 46. Qa2+ Qf7 47. Qc2 f4 48. exf4 Qxf4+ 49. Kg1 Bc5+ 50. Rxc5 Nxc5 51. Rf1 Qe3+ 52. Rf2 Rf8 53. Qc4+ Kh8 54. Qc2 Qe1+ 55. Bf1 Rxf2 56. Qxf2 Qxf2+ 57. Kxf2 Kg7 0-1

[Event "13th All African Mixed Team Rapid-ch 202"]
[Site "Accra"]
[Date "2024.03.09"]
[Round "3.15"]
[White "Paiva, Donaldo"]
[Black "Cogan, Nicolas"]
[Result "1-0"]
[ECO "E11"]
[WhiteElo "2172"]
[BlackElo "2070"]
[Annotator "RC"]
[PlyCount "117"]
[EventDate "2024.03.07"]
[EventType "rapid"]
[EventCountry "GHA"]
[SourceTitle "playchess.com"]
[Source "ChessBase"]
[SourceQuality "1"]
[TimeControl "900+10"]

1. d4 Nf6 2. c4 e6 3. Nf3 Bb4+ 4. Bd2 Qe7 5. Qc2 d5 6. Nc3 O-O 7. e3 a6 8. a3 Bxc3 9. Bxc3 Re8 10. Rc1 dxc4 11. Bxc4 Nbd7 12. O-O b6 13. Be2 c5 14. dxc5 Nxc5 15. Bb4 Nfd7 16. a4 a5 17. Ba3 Bb7 18. Bb5 Qf6 19. Qe2 Rec8 20. Nd2 Qg6 21. f3 Bc6 22. Nc4 Bxb5 23. axb5 e5 24. Rfd1 Re8 25. Rd6 Re6 26. Rcd1 Rae8 27. Rxd7 Nxd7 28. Rxd7 Qb1+ 29. Rd1 Qa2 30. h3 Qb3 31. Nd6 Rd8 32. Rd3 Qa2 33. Qd1 h6 34. e4 Rd7 35. Nf5 Rxd3 36. Qxd3 Qa1+ 37. Kh2 Qc1 38. Qe3 Qc7 39. Qc3 Qd8 40. Ne3 Qg5 41. Nd5 Kh7 42. Qe3 Qd8 43. b3 Rg6 44. Bb2 Re6 45. Bc1 Rg6 46. Qf2 Qd7 47. Qe2 Qd6 48. Be3 Qa3 49. Qc2 h5 50. Bxb6 Qa1 51. Be3 Qf1 52. b6 Qa6 53. Qc4 Qa8 54. Qc7 Qa6 55. Qxf7 Qf1 56. Qxg6+ Kxg6 57. b7 Qb5 58. Bb6 Qe8 59. Bc7 1-0

[Event "13th All African Mixed Team Rapid-ch 202"]
[Site "Accra"]
[Date "2024.03.09"]
[Round "3.16"]
[White "Yavo Tchetche, Marie"]
[Black "Vilhete, Vania Fausto Da T."]
[Result "0-1"]
[ECO "D30"]
[WhiteElo "1659"]
[BlackElo "1829"]
[Annotator "NA RC"]
[PlyCount "102"]
[EventDate "2024.03.07"]
[EventType "rapid"]
[EventCountry "GHA"]
[SourceTitle "playchess.com"]
[Source "ChessBase"]
[SourceQuality "1"]
[TimeControl "900+10"]

1. d4 d5 2. Nf3 e6 3. c4 Nf6 4. Bg5 h6 5. Bh4 dxc4 6. Bxf6 {[%emt 0:00:50] D30: Queen's Gambit Declined: Systems without Nc3.} Qxf6 7. e4 Bb4+ 8. Nc3 Bxc3+ 9. bxc3 b5 10. a4 c6 11. Be2 O-O 12. O-O Nd7 13. Qd2 a6 14. d5 exd5 15. exd5 cxd5 16. Qxd5 Nb6 17. Qe4 Bf5 18. Qf4 Nxa4 19. Bxc4 Nxc3 20. Nd4 bxc4 21. Kh1 Bd3 22. Qxf6 gxf6 23. Rfe1 Nb5 24. Nc6 Rfe8 25. Rxe8+ Rxe8 26. h3 Ra8 27. Nb4 Bg6 28. Nd5 c3 29. Nxf6+ Kg7 30. Nd5 c2 31. Nb4 Rd8 32. Kh2 Rd1 33. Nxc2 Bxc2 34. Rxa6 Rd2 35. f3 Nd4 36. Kg3 Ne2+ 37. Kf2 Nc3+ 38. Kg3 Nb5 39. Rb6 Nc7 40. Rb4 Nd5 41. Rg4+ Kh7 42. Kh2 Ne3 43. Rf4 Rxg2+ 44. Kh1 Rg7 45. Rf6 Nd5 46. Rd6 Nf4 47. Rd2 Bb3 48. h4 Be6 49. Rd4 Nd5 50. f4 Rg4 51. h5 Rxf4 0-1

[Event "13th All African Mixed Team Rapid-ch 202"]
[Site "Accra"]
[Date "2024.03.09"]
[Round "4.1"]
[White "Amin, Bassem"]
[Black "Mhango, Banele"]
[Result "1-0"]
[ECO "B51"]
[WhiteElo "2670"]
[BlackElo "2193"]
[Annotator "TA"]
[PlyCount "99"]
[EventDate "2024.03.07"]
[EventType "rapid"]
[EventCountry "GHA"]
[SourceTitle "playchess.com"]
[Source "ChessBase"]
[SourceQuality "1"]
[TimeControl "900+10"]

1. e4 c5 2. Nf3 d6 3. Bb5+ Nd7 4. c3 Ngf6 5. Bd3 e6 6. Bc2 Be7 7. d4 Qc7 8. O-O {[%emt 0:00:04] The position is equal.} O-O 9. Re1 Rd8 10. Qe2 e5 11. a4 Nf8 12. Na3 Ng6 13. h3 Nh5 14. dxe5 dxe5 15. Nc4 Be6 16. g3 h6 17. Nh2 Nf6 18. h4 Rac8 19. Ne3 c4 20. Nf5 Bf8 21. Be3 Bc5 22. Qf3 Bxe3 23. Rxe3 Rd2 24. Re2 Rcd8 25. Nf1 Rxe2 26. Qxe2 Nf8 27. Qe3 Qb6 (27... a6 $11) 28. Qxb6 axb6 29. N5e3 N8d7 ({Black should try} 29... Ra8 $14) 30. Nd2 $16 Rc8 31. f3 ({Better is} 31. Rd1 $16) 31... Ne8 (31... Kf8 $14) 32. Rd1 (32. f4 $1 $16 {[%cal Rf4f5] aiming for f5.} f6 33. f5) 32... Nd6 {[%emt 0:01:02] [#]} (32... Ndf6 $1 $14) 33. Nb1 $2 (33. f4 $1 $18 {[%cal Rf4f5] is the precise move to win.} f6 34. f5) 33... Rc6 34. Na3 Kf8 {[%emt 0:00:13] [#]} 35. Kf2 {[%emt 0:00:14] White is more active.} (35. f4 $1 $16 {[%cal Rf4f5] And now f5 would win.} f6 36. f5) 35... Ke7 $11 36. f4 f6 $1 37. Kf3 Rc5 38. f5 Bf7 39. g4 Ra5 {[%emt 0:00:38] [#]} (39... Rc8 $11) 40. Rxd6 $1 $16 Kxd6 41. Nexc4+ Bxc4 (41... Ke7 $16 {is a better defense.}) 42. Nxc4+ $18 Ke7 43. Nxa5 bxa5 {[%emt 0:00:01][%mdl 4096] Endgame. KB-KN} 44. Ke3 Nb6 45. Kd3 {[%emt 0:00:06] Repels Nc4} Kd6 46. b4 Kc6 47. Bb3 Kd6 $2 (47... axb4 48. cxb4 Nc8) 48. bxa5 {[%emt 0:00:15] White is clearly winning.} Nd7 49. Bd5 Nc5+ 50. Kc4 {[%emt 0:04:47] Weighted Error Value: White=0.19 (very precise) /Black=0.30.  Loses game:     	---       	Black=1      Missed win:     	White=1     	---        Mistake:       	White=3     	Black=6      Inaccurate:     	White=5     	Black=2      OK:         	White=12    	Black=15     Best:        	White=2     	Black=1      Strong:       	---       	Black=1      Brilliant:      	White=1     	---} 1-0

[Event "13th All African Mixed Team Rapid-ch 202"]
[Site "Accra"]
[Date "2024.03.09"]
[Round "4.2"]
[White "February, Jesse Nikki"]
[Black "Wafa, Shahenda"]
[Result "0-1"]
[ECO "A45"]
[WhiteElo "1920"]
[BlackElo "2083"]
[Annotator "RC"]
[PlyCount "128"]
[EventDate "2024.03.07"]
[EventType "rapid"]
[EventCountry "GHA"]
[SourceTitle "playchess.com"]
[Source "ChessBase"]
[SourceQuality "1"]
[TimeControl "900+10"]

1. d4 Nf6 2. Bf4 c5 3. dxc5 Na6 4. e3 Nxc5 5. Nc3 g6 6. Nf3 Bg7 7. h4 d6 8. Bd3 Nh5 9. Qd2 Nxf4 10. exf4 Nxd3+ 11. Qxd3 O-O 12. O-O-O Bf5 13. Qd2 Qa5 14. Nd4 Rfc8 15. f3 Rc4 16. Nxf5 Qxf5 17. Nd5 Qd7 18. Kb1 Rac8 19. Rc1 Rd4 20. Qa5 b6 21. Nxb6 axb6 22. Qxb6 Rd5 23. Qe3 Rb5 24. c3 Qb7 25. Qd2 Ra8 26. h5 Rba5 27. hxg6 hxg6 28. b3 Qb5 29. Rc2 Rc8 30. Re1 e6 31. c4 Qa6 32. Qd3 Rb8 33. Ree2 Ra3 34. Kc1 Qb6 35. Qe3 Bd4 36. Qd3 Bg7 37. Qe3 Qxe3+ 38. Rxe3 Bh6 39. g3 e5 40. Rd3 exf4 41. g4 Rba8 42. Kb1 R8a6 43. Rd5 Bg7 44. c5 Rxb3+ 45. Kc1 Rb5 46. Rxd6 Rxd6 47. cxd6 Rd5 48. Rd2 Rxd2 49. Kxd2 Kf8 50. Kd3 Be5 51. Ke4 Bxd6 52. Kd5 Ke7 53. a4 Bb4 54. Ke4 g5 55. Kf5 f6 56. Kg6 Ke6 57. Kh5 Ke5 58. Kg6 Bc3 59. Kh5 Kd4 60. Kg6 Ke3 61. a5 Bxa5 62. Kxf6 Bd8+ 63. Ke6 Kxf3 64. Kf5 Kg3 0-1

[Event "13th All African Mixed Team Rapid-ch 202"]
[Site "Accra"]
[Date "2024.03.09"]
[Round "4.3"]
[White "Silva, David"]
[Black "Mwali, Chitumbo"]
[Result "1-0"]
[ECO "C55"]
[WhiteElo "2358"]
[BlackElo "2340"]
[Annotator "TA"]
[PlyCount "103"]
[EventDate "2024.03.07"]
[EventType "rapid"]
[EventCountry "GHA"]
[SourceTitle "playchess.com"]
[Source "ChessBase"]
[SourceQuality "1"]
[TimeControl "900+10"]

1. e4 e5 2. Nf3 Nc6 3. Bc4 Nf6 4. d3 Be7 5. O-O O-O 6. Nc3 d6 7. a3 {[%emt 0:00:00] 7.a3 is the recent fashion.} a6 8. h3 b5 {[%emt 0:00:00] C55: Two Knights: 4 d3, 4 d4 exd4 5 e5 and Max Lange Attack.} 9. Ba2 Bb7 10. Nd5 Nxd5 11. Bxd5 Na5 12. Re1 $146 ({Predecessor:} 12. Ba2 c5 13. b4 Nc6 14. c3 a5 15. Bd5 axb4 16. cxb4 cxb4 17. Qb3 bxa3 18. Qxb5 {1-0 Rocek,V (1127)-Raines,D (1184) RF-2016-0-00289}) 12... c6 13. Ba2 c5 14. b4 cxb4 15. axb4 Nc6 16. Bd2 Kh8 17. Bd5 Qd7 18. c4 Nd8 19. Qb3 Ne6 20. Rec1 bxc4 21. dxc4 f5 (21... Bf6 $142) 22. Qd3 ({White should play} 22. exf5 Rxf5 23. c5 Bxd5 24. Qxd5) 22... fxe4 23. Bxe4 Bxe4 24. Qxe4 Bf6 25. Ra2 Nd4 {[%emt 0:00:17] [#]} (25... Rfe8 $16 26. b5 Nc5) 26. Nxd4 $1 $18 exd4 27. Qd5 Rae8 (27... Qf7 $142 28. Qxf7 (28. Qxd6 Rad8 $16) 28... Rxf7) 28. Rxa6 $18 Re2 (28... Qe7 $142 29. Ra2 (29. Qxd6 Qe2 $15) 29... Bh4) 29. Ra8 ({Not} 29. Rxd6 Qe8 $16) 29... Bd8 30. Bg5 $4 (30. Qxd4 $18 Rfxf2 31. Qxf2 Rxf2 32. Kxf2) 30... Re5 $19 31. Qf3 ({Wrong is} 31. Rxd8 $2 Rxd8 32. Qxd4 Rxg5 $19) 31... Rxf3 32. Rxd8+ Qxd8 33. Bxd8 Rc3 34. Rd1 Rxc4 35. b5 (35. Bb6 {was necessary.} Rd5 (35... Rxb4 $2 36. Bxd4 Reb5 37. Kh2 $19) 36. b5) 35... Rxb5 $19 36. Bh4 d3 37. Bg3 Rd5 38. Kf1 h5 39. h4 Kh7 40. Ke1 Rc2 41. Kf1 Kg6 42. Ke1 Kf5 43. Kf1 g5 44. f3 gxh4 45. Bxh4 Kf4 46. Bf2 h4 47. Bxh4 Rh5 48. g3+ Ke3 (48... Kxf3 49. Rxd3+ Kg4 50. Rd4+ Kh3 51. Ke1 $19) 49. Re1+ Re2 50. Ra1 Kxf3 51. Ra6 Rc5 52. Ra1 1-0

[Event "13th All African Mixed Team Rapid-ch 202"]
[Site "Accra"]
[Date "2024.03.09"]
[Round "4.4"]
[White "Mbatha, Constance"]
[Black "Junior, Ednasia"]
[Result "0-1"]
[ECO "B40"]
[WhiteElo "1799"]
[BlackElo "1915"]
[Annotator "RC"]
[PlyCount "78"]
[EventDate "2024.03.07"]
[EventType "rapid"]
[EventCountry "GHA"]
[SourceTitle "playchess.com"]
[Source "ChessBase"]
[SourceQuality "1"]
[TimeControl "900+10"]

1. e4 c5 2. Nf3 e6 3. d4 cxd4 4. Nxd4 Nc6 5. Nxc6 bxc6 6. Bd3 Nf6 7. O-O Qc7 8. h3 Be7 9. Nc3 O-O 10. f4 d6 11. Be3 Bb7 12. Qe2 Rfd8 13. Bf2 c5 14. Rae1 a6 15. Bh4 Qb6 16. Kh2 Rd7 17. e5 Ne8 18. Bxh7+ Kxh7 19. Qh5+ Kg8 20. Bxe7 Rxe7 21. f5 exf5 22. Qxf5 dxe5 23. Qg5 Re6 24. Rf2 Qc7 25. Ne4 Rg6 26. Qe3 Rc8 27. Ref1 Bxe4 28. Qxe4 Nf6 29. Qe2 e4+ 30. Kg1 Qg3 31. b3 Rc6 32. c4 Qxh3 33. Rf4 Re6 34. Rxf6 Rexf6 35. Qxe4 Rxf1+ 36. Kxf1 Qe6 37. Qb7 Rf6+ 38. Kg1 Qe1+ 39. Kh2 Rh6# 0-1

[Event "13th All African Mixed Team Rapid-ch 202"]
[Site "Accra"]
[Date "2024.03.09"]
[Round "4.5"]
[White "Arab, Adlane"]
[Black "Zhemba, Jemusse"]
[Result "1-0"]
[ECO "D37"]
[WhiteElo "2477"]
[BlackElo "2226"]
[Annotator "TA"]
[PlyCount "139"]
[EventDate "2024.03.07"]
[EventType "rapid"]
[EventCountry "GHA"]
[SourceTitle "playchess.com"]
[Source "ChessBase"]
[SourceQuality "1"]
[TimeControl "900+10"]

1. d4 Nf6 2. c4 e6 3. Nf3 d5 4. Nc3 Be7 5. Bf4 O-O 6. e3 a6 7. a3 dxc4 8. Bxc4 c5 9. O-O b5 {[%emt 0:00:02] ...cxd4 would now be deadly.} 10. Ba2 {[%emt 0:00:00] White has an edge.} Bb7 11. Qe2 Nbd7 12. Rfd1 cxd4 13. exd4 Nb6 14. Ne5 Nbd5 15. Nxd5 Bxd5 16. Bb1 Qb6 17. Qe3 Qb7 18. Qh3 Be4 19. Ba2 Bd5 20. Bb1 Be4 21. Ba2 Nd5 22. Bd2 Bd6 23. Re1 Bf5 24. Qf3 Rac8 25. Bb3 Bc2 26. Bxd5 exd5 27. Bb4 Be4 28. Qb3 Rfd8 29. Bxd6 Rxd6 30. Rac1 Rdd8 31. f3 Bf5 32. Qe3 {[%emt 0:00:00][%cal Oe5c6] Threatens to win with Nc6!} Re8 33. Qf4 Be6 34. Nd3 {[%emt 0:00:00] Black is weak on the dark squares} Rc4 35. Nc5 Qb6 {[%emt 0:00:10] aiming for ...Qxc5.} 36. b3 Rxc1 37. Qxc1 h6 38. Re3 a5 39. Qe1 Rc8 40. h3 Rc6 41. Kh1 {[%emt 0:00:00] White is more active.} b4 {[%emt 0:00:21] [#]} 42. a4 ({Better is} 42. axb4 $1 $16 axb4 43. Kg1) 42... Rxc5 43. dxc5 Qxc5 $11 {[%emt 0:00:01][%mdl 4096] Endgame. KQR-KQB} 44. Qd2 Kh8 45. Rd3 Kg8 46. f4 {[%emt 0:00:00][%cal Of4f5] Strongly threatening f5!} Kh7 $2 {[%emt 0:01:47][%mdl 8192] [#] White now steadily converts the win.} (46... Qc6 $14) 47. f5 $1 $18 Bxf5 48. Rxd5 Qc8 49. Rxa5 Be4 50. Kg1 (50. Qxb4 $2 {gets mated.} Qxh3+ 51. Kg1 Qxg2#) 50... Qb7 (50... Qe6 $142) 51. Rb5 Qa7+ 52. Kh1 f5 53. Rxb4 Qc5 54. Rd4 {[%emt 0:00:21] Dodges Bd3} Qa3 55. Qe3 Bc2 (55... Qb2 $142 56. Rd2 Qf6) 56. Rd7 Qa1+ 57. Kh2 Qf6 58. Qe7 Qg6 59. Rd6 Qh5 60. Qe5 Be4 61. Rd7 Qg5 62. Qg3 {[%emt 0:00:00] And now Qxg5 would win.} Qf6 63. Qf4 Qc6 (63... Qb2 $142 64. Qg3 Qf6) 64. Rd2 Qc3 65. Rd7 Qc6 $1 66. Rc7 {[%emt 0:00:00] White is clearly winning.} Qb6 67. Qg3 Qf6 68. a5 h5 69. h4 Qb2 70. a6 {[%emt 0:00:00] Weighted Error Value: White=0.18 (very precise) /Black=0.26 (precise) .  Loses game:     	---       	Black=1      Mistake:       	White=1     	Black=1      Inaccurate:     	White=3     	Black=3      OK:         	White=17    	Black=15     Best:        	White=3     	Black=1      Brilliant:      	White=1     	---} 1-0

[Event "13th All African Mixed Team Rapid-ch 202"]
[Site "Accra"]
[Date "2024.03.09"]
[Round "4.6"]
[White "Shaba, Linda Dalitso"]
[Black "Nassr, Lina"]
[Result "0-1"]
[ECO "E03"]
[WhiteElo "1836"]
[BlackElo "2080"]
[Annotator "RC"]
[PlyCount "50"]
[EventDate "2024.03.07"]
[EventType "rapid"]
[EventCountry "GHA"]
[SourceTitle "playchess.com"]
[Source "ChessBase"]
[SourceQuality "1"]
[TimeControl "900+10"]

1. d4 Nf6 2. c4 e6 3. Nf3 d5 4. g3 dxc4 5. Qa4+ Nbd7 6. Qxc4 a6 7. Bg2 c5 8. dxc5 Bxc5 9. b4 Be7 10. Bb2 b5 11. Qb3 Bb7 12. O-O Bd5 13. Qc3 Rc8 14. Qe1 O-O 15. a3 Nb6 16. Nbd2 Rc2 17. Qb1 Rxd2 18. Nxd2 Bxg2 19. Rd1 Bb7 20. Nf3 Qa8 21. Qd3 Nc4 22. Bc3 Rd8 23. Qc2 Rc8 24. Qd3 Be4 25. Qd4 Rd8 0-1

[Event "13th All African Mixed Team Rapid-ch 202"]
[Site "Accra"]
[Date "2024.03.09"]
[Round "4.7"]
[White "Rakotomaharo, Fy Antenaina"]
[Black "Pereira, Sergio Murilo de Ara"]
[Result "1-0"]
[ECO "D27"]
[WhiteElo "2454"]
[BlackElo "2115"]
[Annotator "TA"]
[PlyCount "49"]
[EventDate "2024.03.07"]
[EventType "rapid"]
[EventCountry "GHA"]
[SourceTitle "playchess.com"]
[Source "ChessBase"]
[SourceQuality "1"]
[TimeControl "900+10"]

1. Nf3 d5 2. e3 Nf6 3. c4 e6 4. Nc3 dxc4 5. Bxc4 a6 6. a4 Be7 7. d4 c5 8. O-O cxd4 9. exd4 O-O 10. Qe2 Nc6 11. Rd1 Nb4 12. Ne5 Nbd5 13. Rd3 {[%emt 0:00:42] Weiß steht deutlich aktiver. Die schwarzen Türme stehen passiv.} Qc7 (13... Nb4 $142) 14. Rg3 $16 Kh8 15. Bg5 b6 (15... Ng8 $142) 16. Bxd5 $18 exd5 17. Bxf6 Bxf6 18. Nxd5 {[%emt 0:00:01] Ein dynamisches Springerpaar.} Qd6 19. Nxf6 Qxf6 20. Rf3 Qe6 {[%emt 0:00:00] [#]} 21. d5 $1 Qxd5 (21... Qe8 22. Rxf7) 22. Rd1 Qa2 {[%emt 0:00:00][%cal Of7f6] [#]} 23. Nxf7+ {[%emt 0:00:17][%mdl 512] Weiß setzt Matt.} Kg8 {[%emt 0:00:00] [#]} (23... Qxf7 24. Rxf7) 24. Nh6+ $1 gxh6 25. Rg3+ {[%emt 0:00:02] Schwarz wurde aus der Eröffnung heraus überspielt.   Gewichteter Fehlerwert: Weiß=0.03 (makellos) /Schwarz=1.07.  Fehler:       	---       	Schwarz=1     Ungenau:       	---       	Schwarz=4     OK:         	Weiß=4     	Schwarz=1     Bester:       	Weiß=3     	---        Brilliant:      	Weiß=1     	---} 1-0

[Event "13th All African Mixed Team Rapid-ch 202"]
[Site "Accra"]
[Date "2024.03.09"]
[Round "4.9"]
[White "KIGIGHA, Bomo Lovet"]
[Black "Paiva, Donaldo"]
[Result "1/2-1/2"]
[ECO "A36"]
[WhiteElo "2231"]
[BlackElo "2172"]
[Annotator "TA"]
[PlyCount "80"]
[EventDate "2024.03.07"]
[EventType "rapid"]
[EventCountry "GHA"]
[SourceTitle "playchess.com"]
[Source "ChessBase"]
[SourceQuality "1"]
[TimeControl "900+10"]

1. Nf3 c5 2. c4 Nc6 3. g3 g6 4. Bg2 Bg7 5. Nc3 e6 6. O-O Nge7 7. a3 O-O 8. e3 d5 9. cxd5 exd5 10. d4 cxd4 11. Nxd4 Nxd4 12. exd4 Be6 13. Bg5 h6 {[%emt 0:00:51] The position is equal.} 14. Bxe7 Qxe7 15. Nxd5 Bxd5 16. Bxd5 Rad8 17. Qb3 Bxd4 18. Rad1 $1 Qf6 19. Rd3 Rd7 20. Bf3 Rfd8 {[%emt 0:00:36][%cal Od4f2] [#] White must now prevent ...Bxf2+!} 21. Rfd1 b6 22. Kg2 Rd6 23. R1d2 Kg7 24. Qd1 h5 25. h4 a5 26. b3 R8d7 27. b4 axb4 28. axb4 Qd8 29. Qb3 Qf6 30. Qc4 Qe6 31. Qb5 (31. Rxd4 $2 {loses.} Qxc4 32. Rxd6 Rxd6 33. Rxd6 Qxb4 $19) (31. Qxe6 $5 fxe6 32. Rc2 $17) 31... Qe5 32. Qc4 b5 33. Qb3 Bb6 34. Rxd6 Rxd6 35. Rxd6 Qxd6 $11 {[%emt 0:00:02] KQB-KQB} 36. Qb2+ Bd4 37. Qb3 Qe5 38. Qd3 Bb6 39. Be2 Qd4 40. Qc4 $2 {[%emt 0:02:00][%mdl 8192] [#]} Qe4+ $4 {[%emt 0:00:00][%mdl 40960] Weighted Error Value: White=0.20 (precise) /Black=0.02 (flawless) .  Loses game:     	White=1     	---        Missed win:     	---       	Black=1      Inaccurate:     	White=1     	Black=1      OK:         	White=9     	Black=11     Strong:       	White=1     	---       . An unexpected result.} (40... Qxf2+ 41. Kh3 bxc4 42. Bxc4 Bc7 43. g4 Qh2#) 1/2-1/2

[Event "13th All African Mixed Team Rapid-ch 202"]
[Site "Accra"]
[Date "2024.03.09"]
[Round "4.10"]
[White "Vilhete, Vania Fausto Da T."]
[Black "PEACE SAMSON"]
[Result "0-1"]
[ECO "D12"]
[WhiteElo "1829"]
[BlackElo "1870"]
[Annotator "NA RC"]
[PlyCount "76"]
[EventDate "2024.03.07"]
[EventType "rapid"]
[EventCountry "GHA"]
[SourceTitle "playchess.com"]
[Source "ChessBase"]
[SourceQuality "1"]
[TimeControl "900+10"]

1. d4 d5 2. c4 c6 3. e3 Nf6 4. Nf3 Bf5 5. cxd5 cxd5 6. Qb3 Qc8 7. Nc3 e6 {[%emt 0:00:22] D12: Slav Defence: 3 Nf3 Nf6 4 e3 Bf5.} 8. Bb5+ Nbd7 9. O-O a6 10. Be2 Bd6 11. Bd2 O-O 12. Rac1 Qb8 13. Rfd1 Ne4 14. Be1 h6 15. h3 Qa7 16. Nxe4 Bxe4 17. Bb4 Bxb4 18. Qxb4 Rac8 19. Qd6 Bxf3 20. Bxf3 Nb6 21. b3 Rfd8 22. Qf4 Nd7 23. Bh5 Nf6 24. Be2 Qb6 25. Bd3 Qa5 26. Bb1 Rc3 27. Rxc3 Qxc3 28. Qf3 Rc8 29. Rd3 Qe1+ 30. Kh2 Qxb1 31. Qe2 Rc2 32. Rd2 Rc1 33. Rb2 Rh1+ 34. Kg3 Qg6+ 35. Kf3 Qe4+ 36. Kg3 Qg6+ 37. Kf3 Rg1 38. Qc2 {[%emt 0:00:32] [#]} Qg4+ $18 0-1